[Event "Titled Tuesday Blitz May 24 Early 2022"]
[White "Livaic, Leon"]
[Black "Dmitrenko, Viktor"]
[WhiteFideId "14531534"]
[BlackFideId "14110270"]
[WhiteElo "2540"]
[BlackElo "2218"]
[Result "1-0"]
[Round "10"]
[TimeControl "180+1"]
[Date "2022.05.24"]
[WhiteClock "0:01:18"]
[BlackClock "0:01:00"]

1. e4 c6 2. d4 d5 3. Nc3 dxe4 4. Nxe4 Nf6 5. Nxf6+ exf6 6. Bc4 Bb4+ 7. c3 Qe7+ 8. Qe2 Bd6 9. Qxe7+ Bxe7 10. Ne2 Be6 11. Bd3 Nd7 12. Be3 c5 13. dxc5 Nxc5 14. Bb5+ Bd7 15. Bxc5 Bxc5 16. Bxd7+ Kxd7 17. O-O-O+ Kc6 18. Nd4+ Bxd4 19. Rxd4 Rhe8 20. Rhd1 Re7 21. Kc2 Rae8 22. b4 b6 23. a4 Re2+ 24. R1d2 R8e7 25. Kb3 Rxd2 26. Rxd2 Re1 27. b5+ Kc7 28. c4 h5 29. c5 bxc5 30. Rd5 Re2 31. Rxc5+ Kb6 32. Rc6+ Kb7 33. Rc2 Re4 34. a5 g5 35. Rc6 Rf4 36. a6+ Kb8 37. f3 g4 38. fxg4 hxg4 39. Rc4 Rf5 40. Rxg4 Rxb5+ 41. Rb4 Rb6 42. Rxb6+ axb6 43. h4 1-0


[Site "https://www.chess.com"]

[Event "Titled Tuesday Blitz May 24 Early 2022"]
[White "Maksimenko, Viktor"]
[Black "Gulevich, Artem"]
[WhiteFideId "13710478"]
[BlackFideId "24119580"]
[WhiteElo "2269"]
[BlackElo "2218"]
[Result "0-1"]
[Round "10"]
[TimeControl "180+1"]
[Date "2022.05.25"]
[WhiteClock "0:00:07"]
[BlackClock "0:00:30"]

1. d4 d5 2. c4 c6 3. Nc3 Nf6 4. Nf3 e6 5. e3 Nbd7 6. Be2 Bd6 7. O-O O-O 8. b3 dxc4 9. Bxc4 e5 10. Bb2 Qe7 11. h3 Rd8 12. Qc2 exd4 13. Nxd4 Ne5 14. Be2 Ng6 15. Nf5 Bxf5 16. Qxf5 Qe5 17. Qxe5 Bxe5 18. Rad1 Ne4 19. Nxe4 Bxb2 20. Nd6 Rd7 21. f4 Kf8 22. Bc4 Rad8 23. Nxf7 Rxd1 24. Nxd8 Rxd8 25. f5 Nh4 26. e4 Rd2 27. g3 Rg2+ 28. Kh1 Rxg3 29. Rd1 c5 30. Kh2 Rg2+ 31. Kh1 Bd4 32. Rf1 Rg3 33. Kh2 Be5 34. Kh1 Rxh3+ 35. Kg1 Bd4+ 36. Rf2 Rf3 0-1


[Site "https://www.chess.com"]

[Event "Titled Tuesday Blitz May 24 Early 2022"]
[White "Maksimovic, Bojan"]
[Black "Csonka, Balazs"]
[WhiteFideId "14408120"]
[BlackFideId "742910"]
[WhiteElo "2448"]
[BlackElo "2404"]
[Result "0-1"]
[Round "10"]
[TimeControl "180+1"]
[Date "2022.05.24"]
[WhiteClock "0:00:01"]
[BlackClock "0:00:43"]

1. d4 Nf6 2. c4 e6 3. Nf3 d5 4. g3 Be7 5. Bg2 O-O 6. O-O c6 7. Qc2 b6 8. Nbd2 Bb7 9. Rd1 Nbd7 10. e4 dxc4 11. Nxc4 c5 12. d5 exd5 13. exd5 Bxd5 14. Bf4 Qc8 15. Nd6 Bxd6 16. Bxd6 Re8 17. Qf5 Be4 18. Qf4 Qb7 19. g4 Nf8 20. Bxf8 Rxf8 21. g5 Nh5 22. Qg4 g6 23. Rd7 Qc8 24. Qxe4 Qxd7 25. Ne5 Qe6 26. Re1 Rad8 27. Bf3 Ng7 28. Qb1 Qf5 29. Qxf5 Nxf5 30. Ng4 Kg7 31. Nf6 h6 0-1


[Site "https://www.chess.com"]

[Event "Titled Tuesday Blitz May 24 Early 2022"]
[White "Martin Carmona, Gaston Manuel"]
[Black "Janaszak, Dawid"]
[WhiteFideId "22284567"]
[BlackFideId "1119206"]
[WhiteElo "2162"]
[BlackElo "2199"]
[Result "0-1"]
[Round "10"]
[TimeControl "180+1"]
[Date "2022.05.25"]
[WhiteClock "0:00:01"]
[BlackClock "0:01:26"]

1. d4 Nf6 2. c4 g6 3. Nc3 Bg7 4. e4 d6 5. Nf3 O-O 6. Be2 e5 7. dxe5 dxe5 8. Qxd8 Rxd8 9. Bg5 Na6 10. Nd5 Rd6 11. Bxf6 Bxf6 12. O-O-O Bg4 13. b4 Bd8 14. c5 Re6 15. a3 c6 16. Ne3 Bxf3 17. Bxf3 Bg5 18. Rhe1 Rb8 19. Kc2 Nc7 20. Nc4 Nb5 21. Bg4 Re7 22. g3 h5 23. Be2 Kg7 24. h4 Bf6 25. Rd3 Nd4+ 26. Kc3 Rd8 27. Bf1 Red7 0-1


[Site "https://www.chess.com"]

[Event "Titled Tuesday Blitz May 24 Early 2022"]
[White "Martinez Alcantara, Jose Eduardo"]
[Black "Svane, Rasmus"]
[WhiteFideId "3805662"]
[BlackFideId "4657101"]
[WhiteElo "2690"]
[BlackElo "2674"]
[Result "1-0"]
[Round "10"]
[TimeControl "180+1"]
[Date "2022.05.24"]
[WhiteClock "0:00:20"]
[BlackClock "0:00:05"]

1. e4 e5 2. Nf3 Nc6 3. Bb5 a6 4. Ba4 Nf6 5. d3 b5 6. Bb3 Bc5 7. c3 d6 8. Bg5 h6 9. Bh4 g5 10. Bg3 Ba7 11. Nbd2 Na5 12. Bc2 Nh5 13. Nf1 Qf6 14. Ne3 Bxe3 15. fxe3 Qg6 16. a4 b4 17. cxb4 Nc6 18. Qd2 O-O 19. O-O Rb8 20. b5 axb5 21. axb5 Rxb5 22. Ba4 Rb6 23. Rfc1 Nb4 24. Rxc7 Ba6 25. Rc3 Rfb8 26. b3 Ng7 27. Ne1 Ne6 28. Rac1 f6 29. Bd7 Nc5 30. Bf5 Qf7 31. Rb1 Bc8 32. Bxc8 Rxc8 33. d4 Qg6 34. dxc5 dxc5 35. Qd7 Rbb8 36. Qf5 Qxf5 37. exf5 Nd5 38. Rd3 Nb4 39. Rdd1 Kf7 40. e4 Rd8 41. Bf2 Rxd1 42. Rxd1 Na6 43. Nd3 Rxb3 44. Nxc5 Nxc5 45. Bxc5 Rc3 46. Bf2 Rc4 47. Re1 h5 48. h3 h4 49. g3 hxg3 50. Bxg3 Rc3 51. Kg2 Rb3 52. Bf2 Rb4 53. Re3 Ra4 54. h4 gxh4 55. Bxh4 Rb4 56. Kf3 Rb1 57. Rc3 Rf1+ 58. Bf2 Rb1 59. Rc7+ Ke8 60. Bh4 Rf1+ 61. Kg4 Rf4+ 62. Kh5 Rxe4 63. Bxf6 Rf4 64. Kg6 e4 65. Bg5 Rf3 66. Re7+ Kf8 67. Rd7 Rd3 68. Rxd3 exd3 69. Bd2 Kg8 70. f6 Kh8 71. Bc3 Kg8 72. f7+ Kf8 73. Bb4# 1-0


[Site "https://www.chess.com"]

[Event "Titled Tuesday Blitz May 24 Early 2022"]
[White "Matlakov, Maxim"]
[Black "Ibrahimli, Murad"]
[WhiteFideId "4168003"]
[BlackFideId "13410229"]
[WhiteElo "2669"]
[BlackElo "2109"]
[Result "0-1"]
[Round "10"]
[TimeControl "180+1"]
[Date "2022.05.24"]
[WhiteClock "0:00:02"]
[BlackClock "0:00:07"]

1. d4 Nf6 2. Nf3 e6 3. g3 b5 4. Bg2 Bb7 5. O-O Be7 6. a4 b4 7. c4 bxc3 8. Nxc3 O-O 9. Bf4 Na6 10. Rc1 c5 11. dxc5 Nxc5 12. b4 Na6 13. b5 Nc5 14. Bd6 Rc8 15. Ne5 Bxg2 16. Kxg2 Bxd6 17. Qxd6 Qa5 18. Nc6 dxc6 19. Qxc5 cxb5 20. Qxb5 Rc5 21. Qxa5 Rxa5 22. Rfd1 g5 23. Rb1 Rc8 24. Rd3 Kg7 25. h3 Rc7 26. Rb4 a6 27. h4 h6 28. hxg5 hxg5 29. Ne4 Nd5 30. Rbd4 Kg6 31. Rb3 Rc2 32. Kf1 Ra2 33. Nc3 Nxc3 34. Rxc3 R5xa4 35. Rd8 g4 36. Rg8+ Kf6 37. Rgc8 Rb2 38. R8c4 Rxc4 39. Rxc4 Kg5 40. Ra4 Rb6 41. Kg2 f5 42. e4 Kf6 43. exf5 exf5 44. Ra5 Ke6 45. f4 Rb2+ 46. Kf1 Rb5 47. Rxa6+ Kd5 48. Ra4 Rb2 49. Kg1 Rd2 50. Kf1 Rb2 51. Kg1 Rc2 52. Kf1 Rd2 53. Rb4 Rd3 54. Kf2 Rd2+ 55. Kf1 Rd4 56. Rb2 Ke4 57. Kf2 Kd3 58. Re2 Re4 59. Ra2 Rc4 60. Ra5 Rc2+ 61. Kf1 Ke3 62. Ra3+ Ke4 63. Ra4+ Kd3 64. Ra3+ Rc3 65. Ra5 Ke3 66. Rxf5 Kf3 67. Rf8 Rc1# 0-1


[Site "https://www.chess.com"]

[Event "Titled Tuesday Blitz May 24 Early 2022"]
[White "Mekhitarian, Krikor Sevag"]
[Black "Lopez, Henry"]
[WhiteFideId "2107660"]
[BlackFideId "5203830"]
[WhiteElo "2598"]
[BlackElo "2177"]
[Result "1-0"]
[Round "10"]
[TimeControl "180+1"]
[Date "2022.05.24"]
[WhiteClock "0:00:50"]
[BlackClock "0:00:35"]

1. d4 Nf6 2. Nf3 d5 3. g3 Bg4 4. Bg2 c6 5. h3 Bf5 6. c4 e6 7. Nc3 Nbd7 8. Nh4 Be4 9. f3 Bg6 10. Nxg6 hxg6 11. Qb3 Bd6 12. g4 Rb8 13. e3 Bg3+ 14. Kf1 Bd6 15. Bd2 O-O 16. Rd1 Qe7 17. f4 dxc4 18. Qxc4 a6 19. Qe2 c5 20. dxc5 Bxc5 21. h4 e5 22. Qf3 exf4 23. exf4 Nb6 24. h5 gxh5 25. g5 Ng4 26. Rxh5 Ne3+ 27. Bxe3 Qxe3 28. Qxe3 Bxe3 29. Rd3 g6 30. Rh4 Rfe8 31. Ne4 1-0


[Site "https://www.chess.com"]

[Event "Titled Tuesday Blitz May 24 Early 2022"]
[White "Mestnikov, Aisen"]
[Black "Pham, Tran Gia Phuc"]
[WhiteFideId "34130117"]
[BlackFideId "12415669"]
[WhiteElo "2027"]
[BlackElo "1789"]
[Result "0-1"]
[Round "10"]
[TimeControl "180+1"]
[Date "2022.05.25"]
[WhiteClock "0:00:02"]
[BlackClock "0:00:49"]

1. d4 Nf6 2. c4 e6 3. Nf3 Bb4+ 4. Bd2 a5 5. g3 O-O 6. Bg2 d5 7. O-O dxc4 8. Bf4 Nc6 9. Nc3 Nd5 10. e4 Nxc3 11. bxc3 Bxc3 12. Rc1 Bxd4 13. Nxd4 Qxd4 14. Qa4 e5 15. Be3 Qd8 16. Qxc4 Be6 17. Qb5 Rb8 18. Rfd1 Nd4 19. Qxa5 Ne2+ 20. Kf1 Nxc1 21. Rxd8 Rfxd8 22. Bf3 Nxa2 23. Qxc7 f6 24. Qb6 Bf7 25. Bg4 Nc3 26. Qc7 Nxe4 27. Ba7 Ra8 28. Qxb7 Bd5 29. Qb6 Nd2+ 30. Ke2 Nc4 31. Be6+ Kh8 32. Qa6 Rxa7 33. Qxa7 Bxe6 34. Qe7 Rd2+ 35. Ke1 Bg8 36. h4 h6 37. h5 Rd4 38. Qe8 Nd6 39. Qd8 Nf5 40. Qe8 Re4+ 41. Kf1 Nd4 42. Kg2 Re2 43. Kf1 Ra2 0-1


[Site "https://www.chess.com"]

[Event "Titled Tuesday Blitz May 24 Early 2022"]
[White "Molina, Roberto Junio Brito"]
[Black "Gurevich, Dmitry"]
[WhiteFideId "2109450"]
[BlackFideId "2000407"]
[WhiteElo "2432"]
[BlackElo "2506"]
[Result "1/2-1/2"]
[Round "10"]
[TimeControl "180+1"]
[Date "2022.05.25"]
[WhiteClock "0:00:38"]
[BlackClock "0:00:09"]

1. d4 Nf6 2. c4 a6 3. Nc3 c5 4. d5 b5 5. cxb5 axb5 6. Nxb5 Qa5+ 7. Nc3 Bb7 8. f3 Nxd5 9. Bd2 Nxc3 10. Bxc3 Qb6 11. e4 Nc6 12. Bc4 e6 13. Ne2 Be7 14. O-O Bf6 15. Kh1 Nd4 16. Qd2 d5 17. exd5 exd5 18. Bd3 O-O 19. Nxd4 cxd4 20. Bb4 Rfe8 21. a3 Ba6 22. Bxa6 Qxa6 23. Rfe1 h6 24. Rad1 Rac8 25. b3 Qc6 26. Qd3 g6 27. Bd2 Rxe1+ 28. Rxe1 Qc2 29. Qxc2 Rxc2 30. Rd1 Rb2 31. b4 Ra2 32. Kg1 Rxa3 33. Rb1 Ra2 34. Bxh6 d3 35. Kf1 Bd4 36. Rd1 Rf2+ 37. Ke1 Re2+ 38. Kf1 Rf2+ 39. Ke1 Re2+ 40. Kf1 Rf2+ 1/2-1/2


[Site "https://www.chess.com"]

[Event "Titled Tuesday Blitz May 24 Early 2022"]
[White "Nakamura, Hikaru"]
[Black "Swiercz, Dariusz"]
[WhiteFideId "2016192"]
[BlackFideId "1126881"]
[WhiteElo "2850"]
[BlackElo "2627"]
[Result "1/2-1/2"]
[Round "10"]
[TimeControl "180+1"]
[Date "2022.05.24"]
[WhiteClock "0:00:27"]
[BlackClock "0:00:06"]

1. Nf3 Nf6 2. b3 g6 3. d4 Bg7 4. Bb2 O-O 5. e3 b6 6. Be2 Bb7 7. O-O d6 8. c4 Nbd7 9. Qc2 e6 10. Nc3 Qe7 11. Rad1 c5 12. dxc5 dxc5 13. Nd2 Rfd8 14. Bf3 Ne5 15. Bxb7 Qxb7 16. Nce4 Nxe4 17. Nxe4 f5 18. Ng5 Qe7 19. Bxe5 Bxe5 20. Nf3 Bf6 21. e4 Rxd1 22. Rxd1 Rd8 23. Re1 Qd7 24. exf5 exf5 25. g3 Kg7 26. Kg2 Qd3 27. Qxd3 Rxd3 28. Re8 Rd8 29. Re6 Kf7 30. Rc6 Ke7 31. Kf1 Rd6 32. Rc8 Rd8 33. Rxd8 Kxd8 34. Ke2 Ke7 35. Ke3 Ke6 36. Kf4 h6 37. h4 Bb2 38. Ke3 Bf6 39. Ne1 Bd4+ 40. Ke2 g5 41. Nf3 Bf6 42. Ke3 g4 43. Ne1 Bd4+ 44. Ke2 f4 45. f3 Kf5 46. gxf4 Kxf4 47. b4 h5 48. bxc5 Bxc5 49. fxg4 Kxg4 50. Nf3 Be7 51. Ne5+ Kf5 52. Nc6 Bxh4 53. Nxa7 Be7 54. Nc8 Bc5 55. Kf3 Ke6 56. a4 Ke5 57. Kg3 Kd4 58. Nxb6 Bxb6 59. Kh4 Kxc4 60. Kxh5 Kb4 61. Kg4 Ka5 62. Kh3 Kxa4 1/2-1/2


[Site "https://www.chess.com"]

[Event "Titled Tuesday Blitz May 24 Early 2022"]
[White "Nguyen, Quoc Hy"]
[Black "Manukian, Artak"]
[WhiteFideId "12410853"]
[BlackFideId "13301373"]
[WhiteElo "1938"]
[BlackElo "2533"]
[Result "1-0"]
[Round "10"]
[TimeControl "180+1"]
[Date "2022.05.25"]
[WhiteClock "0:01:45"]
[BlackClock "0:01:18"]

1. d4 d5 2. c4 dxc4 3. Nf3 Nf6 4. e3 e6 5. Bxc4 a6 6. O-O c5 7. Qe2 b5 8. Bd3 cxd4 9. exd4 Bb7 10. Bg5 Be7 11. Nc3 O-O 12. Rad1 Nbd7 13. Bb1 Re8 14. Ne5 Nf8 15. Bxf6 Bxf6 16. Be4 Rb8 17. Bxb7 Rxb7 18. Ne4 Be7 19. Nc5 Rb6 20. Qf3 Bf6 21. Ng4 Rd6 22. Nb7 Qe7 23. Nxf6+ 1-0


[Site "https://www.chess.com"]

[Event "Titled Tuesday Blitz May 24 Early 2022"]
[White "Nogerbek, Kazybek"]
[Black "Le, Tuan Minh"]
[WhiteFideId "13710427"]
[BlackFideId "12401153"]
[WhiteElo "2441"]
[BlackElo "2450"]
[Result "0-1"]
[Round "10"]
[TimeControl "180+1"]
[Date "2022.05.24"]
[WhiteClock "0:01:35"]
[BlackClock "0:01:24"]

1. Nf3 d5 2. e3 Nf6 3. c4 c6 4. Nc3 a6 5. b3 Bg4 6. Bb2 e6 7. d4 Nbd7 8. Bd3 Bd6 9. O-O O-O 10. h3 Bh5 11. e4 dxc4 12. Bxc4 e5 13. dxe5 Nxe5 14. Be2 Bxf3 15. Bxf3 Nd3 16. Qc2 Nxb2 17. Qxb2 Qe7 18. Rfe1 Qe5 19. g3 Bb4 20. Re3 Rfd8 21. Kg2 h5 22. h4 Bc5 23. Ree1 Rd3 24. Na4 Bd4 25. Qe2 Rxf3 26. Qxf3 Bxa1 27. Nb6 Rd8 28. Nc4 Qc3 29. Re3 Qc2 30. e5 Ng4 31. Re2 Qd3 0-1


[Site "https://www.chess.com"]

[Event "Titled Tuesday Blitz May 24 Early 2022"]
[White "Nugumanov, Bakhtiyar"]
[Black "Johnson, Ben"]
[WhiteFideId "13701797"]
[BlackFideId "2010917"]
[WhiteElo "2262"]
[BlackElo "2202"]
[Result "1-0"]
[Round "10"]
[TimeControl "180+1"]
[Date "2022.05.25"]
[WhiteClock "0:00:16"]
[BlackClock "0:00:03"]

1. Nf3 d5 2. g3 c6 3. Bg2 Nf6 4. c4 Bg4 5. O-O e6 6. Ne5 Bh5 7. d4 Be7 8. Nc3 O-O 9. f3 c5 10. Kh1 cxd4 11. Qxd4 Nc6 12. Nxc6 bxc6 13. cxd5 cxd5 14. Bf4 Qb6 15. Qd2 Rfc8 16. Rfd1 Rc4 17. Be5 Nd7 18. Bd4 Bc5 19. Bxc5 Qxc5 20. f4 Rb8 21. Rab1 Bg6 22. Rbc1 Nf6 23. b3 Re4 24. Nxe4 Nxe4 25. Rxc5 Nxd2 26. Rxd2 h6 27. e4 dxe4 28. Rc7 a5 29. Rcd7 Rb5 30. Kg1 Rb4 31. Kf2 a4 32. R7d4 Rxd4 33. Rxd4 axb3 34. axb3 f5 35. Ke3 Be8 36. b4 Kf7 37. Bf1 Kf6 38. b5 g5 39. Rd6 Ke7 40. Ra6 Bxb5 41. Bxb5 1-0


[Site "https://www.chess.com"]

[Event "Titled Tuesday Blitz May 24 Early 2022"]
[White "Odegov, Artem"]
[Black "Martinez, Shawn"]
[WhiteFideId "34183644"]
[BlackFideId "2039770"]
[WhiteElo "2286"]
[BlackElo "2174"]
[Result "0-1"]
[Round "10"]
[TimeControl "180+1"]
[Date "2022.05.25"]
[WhiteClock "0:00:00"]
[BlackClock "0:00:37"]

1. d4 g6 2. c4 Bg7 3. Nc3 d6 4. h4 Nf6 5. e4 Nbd7 6. Be3 c5 7. d5 Ne5 8. f3 h5 9. Qd2 Bd7 10. Nh3 a6 11. Nf2 Rb8 12. a4 Qa5 13. Be2 Qb4 14. Na2 Qxd2+ 15. Kxd2 b5 16. cxb5 axb5 17. a5 b4 18. Nc1 Bb5 19. b3 Bxe2 20. Nxe2 O-O 21. a6 Ne8 22. Ra4 Nc7 23. Bg5 f6 24. Bf4 Nd7 25. Rha1 Nb6 26. Ra5 f5 27. Rb1 c4 28. Kc2 Rfc8 29. Be3 Nca8 0-1


[Site "https://www.chess.com"]

[Event "Titled Tuesday Blitz May 24 Early 2022"]
[White "Osiecki, Stanislaw"]
[Black "Araujo Filho, Luiz Antonio Coel"]
[WhiteFideId "1102990"]
[BlackFideId "2130661"]
[WhiteElo "2127"]
[BlackElo "2248"]
[Result "0-1"]
[Round "10"]
[TimeControl "180+1"]
[Date "2022.05.25"]
[WhiteClock "0:00:02"]
[BlackClock "0:00:04"]

1. e4 c6 2. d4 d5 3. e5 Bf5 4. Bd3 Bxd3 5. Qxd3 e6 6. c3 Ne7 7. Ne2 Nd7 8. O-O c5 9. Rd1 Nc6 10. a3 Be7 11. f4 cxd4 12. cxd4 Qb6 13. Kh1 Rc8 14. Nbc3 g6 15. Be3 h5 16. b4 a6 17. Na4 Qa7 18. Nc5 Nb6 19. h3 Nc4 20. Bc1 b6 21. Nb3 a5 22. b5 Nb8 23. a4 Nd7 24. Nd2 Qc7 25. Nf3 Bb4 26. Ng5 Ke7 27. Kg1 Rhg8 28. Rf1 Ke8 29. Qg3 Be7 30. h4 Nf8 31. Kh2 Rh8 32. Ra2 Bb4 33. Rc2 Qd7 34. Nf3 Nh7 35. Ng5 Nxg5 36. fxg5 Rh7 37. Nf4 Be7 38. Nd3 Kd8 39. Rcf2 Bf8 40. Qf3 Ke8 41. Rc2 Rg7 42. Qf6 Rc7 43. Qf3 Qe7 44. Nf4 Qd7 45. Be3 Nxe3 46. Rxc7 Nxf1+ 47. Qxf1 Qxc7 48. Nd3 Be7 49. Qe2 Rg8 50. Nf4 Kd7 51. Qd3 Qc4 52. Qd2 Qxa4 53. Ne2 Qc4 54. Qf4 Rf8 55. Ng3 a4 0-1


[Site "https://www.chess.com"]

[Event "Titled Tuesday Blitz May 24 Early 2022"]
[White "Pacheco Lugo, Alejandro Jose"]
[Black "Martin, Lewis"]
[WhiteFideId "3903745"]
[BlackFideId "410551"]
[WhiteElo "2146"]
[BlackElo "2145"]
[Result "1-0"]
[Round "10"]
[TimeControl "180+1"]
[Date "2022.05.25"]
[WhiteClock "0:02:04"]
[BlackClock "0:01:10"]

1. e4 c5 2. Nf3 d6 3. d4 cxd4 4. Nxd4 Nf6 5. Nc3 a6 6. Be3 e5 7. Nb3 Be7 8. f3 Be6 9. Qd2 O-O 10. O-O-O b5 11. g4 Nbd7 12. g5 Nh5 13. Rg1 Rc8 14. Kb1 Nb6 15. Qf2 Nc4 16. Bxc4 bxc4 17. Nc5 Qa5 18. Nxe6 fxe6 19. Bb6 Qxc3 20. bxc3 Rb8 21. Ka1 Nf4 22. Qe3 Rb7 23. a4 a5 24. h4 Rfb8 25. Rb1 Ng6 26. Bc7 1-0


[Site "https://www.chess.com"]

[Event "Titled Tuesday Blitz May 24 Early 2022"]
[White "Pakleza, Zbigniew"]
[Black "Liyanage, Ranindu Dilshan"]
[WhiteFideId "1119290"]
[BlackFideId "9915834"]
[WhiteElo "2467"]
[BlackElo "1858"]
[Result "1-0"]
[Round "10"]
[TimeControl "180+1"]
[Date "2022.05.24"]
[WhiteClock "0:00:05"]
[BlackClock "0:00:07"]

1. d4 Nf6 2. Nf3 e6 3. Bf4 d5 4. e3 c5 5. c3 Nc6 6. Nbd2 Nh5 7. Be5 f6 8. Bg3 g6 9. Bd3 cxd4 10. cxd4 Bd7 11. Rc1 Rc8 12. a3 Nxg3 13. hxg3 Bg7 14. Rxh7 Rxh7 15. Bxg6+ Ke7 16. Bxh7 Qh8 17. Bd3 e5 18. dxe5 fxe5 19. e4 Bg4 20. exd5 Nd4 21. Rxc8 Qxc8 22. Be4 Bh6 23. Nf1 Bc1 24. Qa4 Nxf3+ 25. gxf3 Bd7 26. Qb4+ Kf7 27. Ne3 a5 28. Qb3 Qc5 29. Nd1 a4 30. Qc2 Qa5+ 31. Kf1 Bb5+ 32. Kg2 Qe1 33. Qxc1 Bf1+ 34. Kh2 Be2 35. Qc7+ Kg8 36. Qh7+ Kf8 37. Qh8+ Ke7 38. Qxe5+ Kf7 39. Bd3 1-0


[Site "https://www.chess.com"]

[Event "Titled Tuesday Blitz May 24 Early 2022"]
[White "Paravyan, David"]
[Black "Kamsky, Gata"]
[WhiteFideId "4194985"]
[BlackFideId "2000024"]
[WhiteElo "2569"]
[BlackElo "2645"]
[Result "1-0"]
[Round "10"]
[TimeControl "180+1"]
[Date "2022.05.24"]
[WhiteClock "0:00:41"]
[BlackClock "0:00:01"]

1. e4 d5 2. exd5 Nf6 3. d4 Nxd5 4. Nf3 g6 5. Be2 Bg7 6. O-O O-O 7. h3 c6 8. Re1 a5 9. c4 Nc7 10. Nc3 Nd7 11. Bf1 Re8 12. Bf4 Ne6 13. Bh2 Nb6 14. Be5 Bh6 15. d5 cxd5 16. cxd5 Nc7 17. Bxc7 Qxc7 18. d6 Qd8 19. dxe7 Qxd1 20. Raxd1 Be6 21. Nd4 Rxe7 22. Nxe6 fxe6 23. Rd6 Nd7 24. Nd5 Rf7 25. Rdxe6 Bg7 26. Bc4 Bd4 27. R1e2 Kh8 28. g3 Rc8 29. b3 Rcf8 30. Nf4 Nb6 31. Rxb6 Bxb6 32. Bxf7 Rxf7 33. Re5 Kg8 34. Kg2 Kg7 35. Rb5 Rf6 36. h4 Kh6 37. a4 Rd6 38. Nd5 Bd8 39. Ne3 Rc6 40. Nc4 b6 41. f4 Re6 42. Kf3 Kg7 43. Rd5 Be7 44. Re5 Kf7 45. Rxe6 Kxe6 46. Nxb6 h5 47. Nc4 Bb4 48. Ne5 1-0


[Site "https://www.chess.com"]

[Event "Titled Tuesday Blitz May 24 Early 2022"]
[White "Petrovskyi, Vadym"]
[Black "Tarigan, Gilbert Elroy"]
[WhiteFideId "14165210"]
[BlackFideId "7108133"]
[WhiteElo "2400"]
[BlackElo "1908"]
[Result "1-0"]
[Round "10"]
[TimeControl "180+1"]
[Date "2022.05.24"]
[WhiteClock "0:00:48"]
[BlackClock "0:00:02"]

1. e4 e5 2. Nf3 Nc6 3. d4 exd4 4. Bc4 Nf6 5. e5 d5 6. Bb5 Ne4 7. Nxd4 Bd7 8. Bxc6 bxc6 9. O-O Bc5 10. f3 Ng5 11. f4 Ne6 12. c3 O-O 13. f5 Nxd4 14. cxd4 Bb6 15. f6 gxf6 16. exf6 Kh8 17. Bh6 Rg8 18. Bg7+ Rxg7 19. fxg7+ Kxg7 20. Nc3 Qh4 21. Qf3 Bxd4+ 22. Kh1 Rf8 23. Rae1 Bc5 24. Ne4 Bb4 25. Re3 f5 26. Ng3 Bd6 27. Qh5 Qxh5 28. Nxh5+ Kg6 29. Nf4+ Kf6 30. a3 a5 31. g3 Rb8 32. Re2 Be5 33. Nh5+ Kg5 34. Rxe5 Kxh5 35. Re7 Rd8 36. Rxh7+ Kg6 37. Re7 Kf6 38. Ree1 c5 39. Rc1 c4 40. Rfd1 c5 41. Kg1 Be6 42. Rxc4 Rb8 43. Rxc5 Rxb2 44. Rxa5 Ke5 45. Re1+ 1-0


[Site "https://www.chess.com"]

[Event "Titled Tuesday Blitz May 24 Early 2022"]
[White "Polster, Christian"]
[Black "Vusatiuk, Vladimir"]
[WhiteFideId "12965081"]
[BlackFideId "14118610"]
[WhiteElo "2320"]
[BlackElo "2157"]
[Result "1/2-1/2"]
[Round "10"]
[TimeControl "180+1"]
[Date "2022.05.25"]
[WhiteClock "0:00:05"]
[BlackClock "0:00:18"]

1. e4 c5 2. Nc3 e6 3. Nge2 a6 4. g3 b5 5. Bg2 Bb7 6. O-O d6 7. d4 cxd4 8. Nxd4 Nd7 9. Re1 Qc7 10. Nd5 exd5 11. exd5+ Be7 12. Nf5 Kf8 13. Bf4 Re8 14. Rxe7 Nxe7 15. Bxd6 Qd8 16. Qg4 g6 17. Nxe7 Rxe7 18. Re1 Nf6 19. Qf4 Ng8 20. Bxe7+ Nxe7 21. d6 Nd5 22. Bxd5 Bxd5 23. Qe5 Rg8 24. Qxd5 Kg7 25. Re7 Rf8 26. Re5 Qf6 27. b3 Rd8 28. Re7 Rxd6 29. Rxf7+ Qxf7 30. Qxd6 Qf5 31. Qd2 Qf3 32. Qe3 Qd1+ 33. Kg2 Qxc2 34. Qe7+ Kg8 35. Qe8+ Kg7 36. Qe7+ Kh6 37. Qd8 Qc6+ 38. Kh3 Qe6+ 39. Kg2 Qe4+ 40. Kg1 Qb1+ 41. Kg2 Qf5 42. Qh4+ Kg7 43. Qe7+ Kg8 44. Qe8+ Kg7 45. Qe7+ Kg8 46. Qe8+ Kg7 47. Qe7+ 1/2-1/2


[Site "https://www.chess.com"]

[Event "Titled Tuesday Blitz May 24 Early 2022"]
[White "Poltorak, Sebastian"]
[Black "Aradhya, Garg"]
[WhiteFideId "1199498"]
[BlackFideId "25006746"]
[WhiteElo "2066"]
[BlackElo "2169"]
[Result "1-0"]
[Round "10"]
[TimeControl "180+1"]
[Date "2022.05.24"]
[WhiteClock "0:00:05"]
[BlackClock "0:00:07"]

1. e4 e5 2. Nc3 Nc6 3. g3 Nf6 4. Bg2 Bc5 5. h3 O-O 6. Nge2 d5 7. Nxd5 Nxd5 8. exd5 Nb4 9. Nc3 Bf5 10. d3 Bd4 11. O-O Bxc3 12. bxc3 Nxd5 13. c4 Nf6 14. g4 Be6 15. Bb2 Nd7 16. Ba3 Re8 17. Bxb7 Rb8 18. Bg2 h5 19. f3 c6 20. Qd2 Nf6 21. Rab1 hxg4 22. fxg4 Qd7 23. Bc5 Bxc4 24. Qa5 Bd5 25. Qxa7 Bxg2 26. Rxb8 Bxf1 27. Qxd7 Rxb8 28. Qc7 Rb1 29. Qc8+ Kh7 30. Qf5+ Kg8 31. Kh2 e4 32. dxe4 Bc4 33. Be7 Be6 34. Qf4 Nd7 35. Qd2 Ne5 36. Qe2 Re1 37. Qa6 Rxe4 38. Bd6 Bd5 39. Bxe5 Rxe5 40. a4 Re3 41. Qc8+ Kh7 42. a5 Ra3 43. a6 g6 44. Qb7 Bf3 45. a7 c5 46. Qxf3 Rxf3 47. a8=Q Rf2+ 48. Kg3 Rxc2 49. Qc6 Kg7 50. h4 Rc3+ 51. Kf4 Rc4+ 52. Kf3 Rc1 53. g5 Rf1+ 54. Kg2 Rf5 55. Kg3 Kh7 56. Kg4 Kg7 57. h5 Kh7 58. h6 Rf1 59. Qxc5 Rd1 60. Qf8 Rg1+ 61. Kf3 Rf1+ 62. Kg2 Rg1+ 63. Kxg1 f5 64. Qg7# 1-0


[Site "https://www.chess.com"]

[Event "Titled Tuesday Blitz May 24 Early 2022"]
[White "Pourkashiyan, Atousa"]
[Black "Richter, Nils"]
[WhiteFideId "12502014"]
[BlackFideId "12990809"]
[WhiteElo "2247"]
[BlackElo "2243"]
[Result "0-1"]
[Round "10"]
[TimeControl "180+1"]
[Date "2022.05.25"]
[WhiteClock "0:02:10"]
[BlackClock "0:02:26"]

1. e4 c5 2. Nf3 Nc6 3. d4 cxd4 4. Nxd4 Nf6 5. Nc3 h5 6. Be2 g6 7. Be3 Bg7 8. O-O O-O 9. h3 d6 10. Qd2 Bd7 11. Rad1 Rc8 12. f4 a6 13. Kh1 b5 14. a3 Na5 15. Nf3 Rxc3 16. e5 Ne4 17. Qe1 Rxe3 0-1


[Site "https://www.chess.com"]

[Event "Titled Tuesday Blitz May 24 Early 2022"]
[White "Pranav, V"]
[Black "Oparin, Grigoriy"]
[WhiteFideId "25060783"]
[BlackFideId "24125890"]
[WhiteElo "2349"]
[BlackElo "2665"]
[Result "0-1"]
[Round "10"]
[TimeControl "180+1"]
[Date "2022.05.24"]
[WhiteClock "0:00:25"]
[BlackClock "0:00:47"]

1. e4 e5 2. Nf3 Nc6 3. Bb5 Nf6 4. Nc3 Nd4 5. Bc4 Bc5 6. Nxe5 d5 7. exd5 O-O 8. O-O Re8 9. Re1 Bd6 10. Nf3 Bg4 11. Rxe8+ Qxe8 12. Be2 Bxf3 13. Bxf3 Nxf3+ 14. gxf3 Qe5 15. d4 Qxh2+ 16. Kf1 Re8 17. Be3 Bg3 18. Ne4 Nxd5 19. Qe1 Bf4 20. c4 Nxe3+ 21. fxe3 f5 22. exf4 fxe4 23. fxe4 Qxf4+ 24. Qf2 Rxe4 25. Qxf4 Rxf4+ 26. Ke2 Rxd4 27. b3 h5 28. Rg1 Kf7 29. Rg5 g6 30. Rc5 c6 31. Ra5 a6 0-1


[Site "https://www.chess.com"]

[Event "Titled Tuesday Blitz May 24 Early 2022"]
[White "Rahman, Adel"]
[Black "Winkels, Marcel"]
[WhiteFideId "14204177"]
[BlackFideId "1003887"]
[WhiteElo "2175"]
[BlackElo "1900"]
[Result "1-0"]
[Round "10"]
[TimeControl "180+1"]
[Date "2022.05.25"]
[WhiteClock "0:02:26"]
[BlackClock "0:01:27"]

1. e4 c5 2. Nf3 d6 3. d4 cxd4 4. Nxd4 Nf6 5. Nc3 a6 6. Bg5 e6 7. f4 h6 8. Bh4 Qb6 9. a3 Be7 10. Bf2 Qc7 11. Qf3 Nbd7 12. O-O-O b5 13. g4 g5 14. h4 gxf4 15. g5 hxg5 16. hxg5 Rxh1 17. Qxh1 Ng4 18. Nxe6 fxe6 19. Qh5+ Kd8 20. Qxg4 e5 21. Nd5 Qc6 22. Qe6 Bf8 23. g6 Nc5 24. Bh4+ 1-0


[Site "https://www.chess.com"]